Map: Odyssey LE

Players

Ryung

  • Race: Terran Terran
  • League: Master
  • Spawn Location: 11:00

Classic - Winner!

  • Race: Protoss Protoss
  • League: Master
  • Spawn Location: 5:00

VOD

https://www.twitch.tv/videos/165903033

Description

Time

  • Played on: Aug. 10, 2017, 11:46 a.m.
  • Length: 8:30
Show
View Real Time Build Order
Export as new Build Order

Ryung Terran 

Build Orders: Cyclone Opening 

Get SALT Encoding   

  12  0:00  SCV  
  13  0:13  SCV  
  14  0:17  Supply Depot  
  14  0:25  SCV  
  14  0:27  Refinery  
  15  0:38  SCV  
  16  0:44  Barracks  
  16  0:51  SCV  
  17  1:03  SCV  
  18  1:15  SCV  
  19  1:31  Orbital Command, Marine  
  20  1:40  Command Center  
  20  1:49  Barracks Reactor  
  20  1:55  Supply Depot  
  20  1:56  SCV  
  21  2:08  Factory  
  21  2:09  SCV  
  22  2:16  Refinery  
  22  2:21  SCV  
  23  2:26  Marine x2  
  23  2:29  Bunker  
  25  2:34  SCV  
  26  2:42  Engineering Bay  
  26  2:43  Marine  
  27  2:44  Marine  
  28  2:55  Cyclone  
  31  3:00  SCV  
  31  3:02  Marine x2  
  24  3:27  Missile Turret  
  24  3:37  Cyclone  
  27  3:42  Marine  
  27  3:43  Marine  
  27  3:46  SCV  
  30  3:56  Orbital Command  
  30  4:02  SCV  
  31  4:06  Marine  
  31  4:09  Marine  
  33  4:18  Cyclone  
  33  4:22  SCV  
  33  4:23  SCV  
  37  4:25  Marine  
  37  4:27  Marine  
  39  4:33  Supply Depot  
  39  4:34  SCV  
  39  4:35  SCV  
  41  4:43  Marine  
  41  4:44  Marine  
  43  4:50  Cyclone  
  39  5:01  Marine  
  39  5:02  Marine  
  39  5:04  SCV x2  
  41  5:07  Starport  
  41  5:11  Missile Turret  
  41  5:16  SCV x2  
  41  5:19  Marine  
  41  5:20  Marine  
  45  5:27  Cyclone  
  48  5:31  SCV x2  
  50  5:38  Marine  
  50  5:39  Marine  
  50  5:40  Supply Depot  
  52  5:45  Viking  
  54  6:01  Marine  
  56  6:05  Supply Depot  
  56  6:07  Cyclone  
  56  6:08  Supply Depot  
  59  6:22  Barracks Reactor  
  58  6:27  Viking  
  58  6:29  SCV x2  
  58  6:32  Barracks  
  62  6:39  Cyclone  
  65  6:41  SCV x2  
  67  6:58  Viking  
  69  7:02  Missile Turret  
  69  7:03  Marine  
  69  7:06  Missile Turret  
  70  7:13  Marine  
  71  7:20  Cyclone  
  71  7:31  Marine  
  71  7:32  Marine  
  71  7:34  Viking  
  72  7:39  Marine  
  64  7:46  SCV x2  
  64  7:49  Marine  
  64  7:52  Cyclone  
  64  8:00  Marine  
  64  8:01  Marine  
  64  8:03  SCV  
  64  8:04  SCV  
  54  8:15  SCV  
  54  8:16  SCV  
Show
View Real Time Build Order
Export as new Build Order

Classic Protoss - Winner!

Build Orders: Oracle Opening 

Get SALT Encoding   

  12  0:08  Pylon  
  12  0:13  Probe (Chrono Boost)  
  13  0:26  Gateway  
  13  0:29  Probe (Chrono Boost)  
  14  0:35  Assimilator  
  14  0:39  Probe (Chrono Boost)  
  15  0:46  Assimilator  
  15  0:50  Probe (Chrono Boost)  
  16  1:00  Probe (Chrono Boost)  
  18  1:11  Probe (Chrono Boost)  
  18  1:13  Cybernetics Core  
  18  1:22  Probe (Chrono Boost)  
  19  1:27  Pylon  
  19  1:32  Probe (Chrono Boost)  
  20  1:43  Probe (Chrono Boost)  
  21  1:49  Stargate  
  21  1:54  Adept (Chrono Boost)  
  21  1:59  Warp Gate  
  23  2:02  Probe  
  24  2:14  Probe  
  25  2:18  Adept (Chrono Boost)  
  25  2:21  Pylon  
  27  2:32  Oracle (Chrono Boost)  
  30  2:45  Gateway  
  30  2:53  Gateway  
  30  3:03  Oracle (Chrono Boost)  
  33  3:18  Nexus  
  33  3:27  Pylon  
  33  3:28  Probe  
  34  3:34  Oracle (Chrono Boost)  
  34  3:40  Probe  
  38  3:52  Probe  
  39  4:05  Probe  
  39  4:06  Oracle (Chrono Boost)  
  43  4:17  Probe  
  43  4:23  Adept  
  46  4:24  Pylon  
  46  4:28  Probe  
  46  4:30  Probe  
  48  4:37  Oracle (Chrono Boost)  
  51  4:39  Probe  
  51  4:42  Probe  
  53  4:50  Probe  
  54  4:54  Probe  
  50  5:02  Probe  
  50  5:05  Nexus  
  50  5:06  Probe  
  48  5:08  Oracle (Chrono Boost)  
  48  5:13  Twilight Council  
  51  5:17  Probe  
  51  5:18  Probe  
  53  5:26  Gateway  
  53  5:28  Gateway  
  53  5:30  Probe  
  53  5:31  Probe  
  55  5:36  Assimilator  
  55  5:39  Assimilator  
  58  5:45  Probe  
  58  5:46  Probe  
  60  5:55  Blink (Chrono Boost)  
  60  5:57  Probe  
  60  5:58  Probe  
  60  6:02  Pylon  
  59  6:04  Pylon  
  59  6:07  Mothership Core  
  59  6:09  Probe  
  59  6:23  Probe, Gateway  
  60  6:26  Gateway  
  60  6:27  Stalker x2  
  60  6:28  Gateway  
  60  6:29  Probe, Stalker  
  67  6:33  Probe  
  67  6:34  Probe  
  69  6:42  Robotics Facility  
  69  6:50  Stalker  
  69  6:51  Stalker  
  73  6:56  Stalker  
  75  7:16  Stalker x2  
  75  7:22  Stalker x3  
  83  7:24  Stalker  
  83  7:30  Immortal (Chrono Boost)  
  83  7:36  Pylon  
  81  7:38  Pylon  
  81  7:40  Pylon, Stalker x2  
  76  7:49  Stalker x3  
  69  7:55  Probe, Stalker  
  69  7:57  Probe  
  73  7:59  Mothership Core  
  73  8:04  Stalker  
  77  8:08  Stalker  
  76  8:14  Stalker x2  
Tags
 
Add a new tag
Caveats
  • Supply blocks, unpowered buildings, or Contaminate may cause inaccurate times.
  • Supply counts are checked every 10 seconds.